 Dungeon Crawl Stone Soup version 0.19.1 (webtiles) character file.

19 graki42 the Ruffian (level 2, 29/29 HPs)
             Began as a Troll Monk on Dec 25, 2016.
             Quit the game on level 1 of the Dungeon.
             The game lasted 00:01:22 (553 turns).

graki42 the Ruffian (Troll Monk)                     Turns: 553, Time: 00:01:22

Health: 29/29      AC:  5    Str: 18    XL:     2   Next: 55%
Magic:  1/1        EV: 10    Int:  6    God:
Gold:   24         SH:  0    Dex: 12    Spells: 0 memorised, 1 level left

rFire  . . .     SeeInvis .       - Unarmed
rCold  . . .     Gourm    +     a - +0 robe
rNeg   . . .     Faith    .     (no shield)
rPois  .         Spirit   .     (helmet restricted)
rElec  .         Reflect  .     (no cloak)
rCorr  .         Harm     .     (gloves unavailable)
MR     .....                    (boots unavailable)
Stlth  ++........               (no amulet)
                                (no ring)
                                (no ring)

@: no status effects
A: unfitting armour, claws 3, fast metabolism 3, gourmand, regeneration 1,
shaggy fur 1, tough skin 2
a: no special abilities


You were on level 1 of the Dungeon.
You were not hungry.

You visited 1 branch of the dungeon, and saw 1 of its levels.

You collected 24 gold pieces.

Inventory:

Armour
 a - a +0 robe (worn)
Jewellery
 e - an uncursed ring of positive energy {unknown}
Scrolls
 c - 2 scrolls of identify {unknown}
Potions
 d - a potion of resistance {unknown}
Comestibles
 b - a bread ration


   Skills:
 + Level 2.7 Fighting
 + Level 2.8 Dodging
 + Level 1.0 Stealth
 + Level 3.1 Unarmed Combat


You had one spell level left.
You didn't know any spells.

Dungeon Overview and Level Annotations

Branches:
Dungeon (1/15)

Altars:


Innate Abilities, Weirdness & Mutations

You are too large for most types of armour.
You have claws for hands.
Your metabolism is lightning-fast.
You like to eat raw meat.
Your natural rate of healing is unusually fast.
You are covered in fur. (AC +1)
You have very tough skin. (AC +2)


Message History

You see here a large moonstone ring.
You found a teleport trap!
Really walk into that teleport trap?
Okay, then.
The teleport trap disappears.
The giant cockroach disappears!
e - a large moonstone ring A frilled lizard comes into view.
You miss the frilled lizard. The frilled lizard bites you.
You miss the frilled lizard. The frilled lizard barely misses you.
You scratch the frilled lizard.
You kill the frilled lizard!
You are near starving!
Found a stone staircase leading down.
There is a stone staircase leading down here.
You are starving!
You need to eat something NOW!
You start eating one of the 2 bread rations.
You continue eating. x2
You finish eating.
That bread ration really hit the spot!
Are you sure you want to abandon this character and quit the game? (Confirm with "yes".)

# ### ##.. ###
##... #.# #####
#..†. #.# #.#.#
#.... #.#
#.#.#####.#.# #.#
#.#)##..[....
#@####...##.#####.
#........##)# #.
######......# #.
##..##.# #.
####..##.#####.
#.....##.......
#.##.######.###
#.##.# #.# #.##.#
#.#


There were no monsters in sight!

Vanquished Creatures
  A dart slug (D:1)
  A leopard gecko (D:1)
  3 bats (D:1)
  A giant cockroach (D:1)
  2 goblins (D:1)
  3 hobgoblins (D:1)
  2 frilled lizards (D:1)
  2 rats (D:1)
15 creatures vanquished.

Notes
Turn   | Place    | Note
-------+----------+-------------------------------------------
     0 | D:1      | graki42 the Troll Monk began the quest for the Orb.
     0 | D:1      | Reached XP level 1. HP: 22/22 MP: 0/0
     2 | D:1      | Noticed a merfolk
     2 | D:1      | Noticed an elf
     4 | D:1      | Noticed a draconian
     4 | D:1      | Noticed a vine stalker
     6 | D:1      | Noticed a halfling
     6 | D:1      | Noticed a spriggan
     8 | D:1      | Noticed a tengu
     8 | D:1      | Noticed a felid
    10 | D:1      | Noticed an ogre
    12 | D:1      | Noticed a naga
    12 | D:1      | Noticed a ghoul
    14 | D:1      | Noticed a minotaur
    14 | D:1      | Noticed a vampire
    16 | D:1      | Noticed a gargoyle
    16 | D:1      | Noticed a human
    18 | D:1      | Noticed a demigod
    18 | D:1      | Noticed a centaur
    20 | D:1      | Noticed a demonspawn
    20 | D:1      | Noticed a troll
    22 | D:1      | Noticed a dwarf
    24 | D:1      | Noticed a formicid
    26 | D:1      | Noticed an octopode
    92 | D:1      | Reached XP level 2. HP: 26/29 MP: 1/1
   553 | D:1      | Quit the game

Action                   || total
-------------------------++-------
Melee: Unarmed           ||    32
 Stab: Sleeping          ||     1
  Eat: Bread ration      ||     1
Armor: Robe              ||    15
Dodge: Dodged            ||    26
